 Dungeon Sprint DCSS version 0.23.2-1-ga50397a (webtiles) character file.

Game seed: 7550534737792196724

435 xveg the Grappler (level 6, -2/100 HPs)
             Began as a Minotaur Berserker on May 15, 2019.
             Was a Believer of Trog.
             Slain by Sonja
             ... wielding a +0 dagger of distortion
              (14 damage)
             ... in the Dungeon (Sprint I: "Red Sonja").
             The game lasted 00:02:07 (674 turns).

xveg the Grappler (Minotaur Berserker)               Turns: 674, Time: 00:02:08

Health: -2/100     AC:  4    Str: 28    XL:     6   Next: 68%
Magic:  5/5        EV: 14    Int:  4    God:    Trog [**....]
Gold:   306        SH:  0    Dex: 10    Spells: 5/5 levels left

rFire    . . .     SeeInvis .     - Unarmed
rCold    + . .     Gourm    .   (no shield)
rNeg     . . .     Faith    .   j - +1 leather armour {rC+}
rPois    .         Spirit   .   (helmet restricted)
rElec    .         Reflect  .   (no cloak)
rCorr    .         Harm     .   (no gloves)
MR       ++...     NoTele   +   (no boots)
Stlth    ..........             (no amulet)
HPRegen  1.26/turn              (no ring)
MPRegen  0.09/turn              (no ring)

@: berserking, lethally poisoned (-2 -> -13), regenerating, slowed
A: retaliatory headbutt, horns 2
a: Berserk, Trog's Hand, Renounce Religion


You were in the Dungeon.
You worshipped Trog.
Trog was pleased with you.
You were very hungry.

You visited 1 branch You collected 306 gold pieces.

Inventory:

Hand Weapons
 k - a +0 giant club
Armour
 a - a +0 animal skin
 j - a +1 leather armour of cold resistance (worn)
Wands
 i - a wand of flame (5)
Scrolls
 h - a scroll of blinking
Potions
 c - a potion of curing
 d - a potion of heal wounds
 e - a potion of haste
 f - 2 potions of magic
 g - a potion of berserk rage
Comestibles
 b - a ration


   Skills:
 + Level 10.7 Fighting
 + Level 5.7 Armour
 + Level 6.0 Dodging
 + Level 0.5 Stealth
 + Level 10.8 Unarmed Combat


You had 5 spell levels left.
You didn't know any spells.
Your spell library was empty.

Dungeon Overview and Level Annotations

Branches:
Dungeon (1/1)

Altars:
Cheibriados
Dithmenos
Elyvilon
Fedhas
Gozag
Hepliaklqana
Kikubaaqudgha
Nemelex Xobeh
Okawaru
Qazlal
Ru
Sif Muna
Trog
Uskayaw
Vehumet
Wu Jian
Yredelemnul
Zin
The Shining One

Shops:
D [

Annotations:
D Sonja


Innate Abilities, Weirdness & Mutations

You reflexively headbutt those who attack you in melee.
You have a pair of horns on your head.


Message History

You see here 2 curare-tipped needles.
* * * LOW HITPOINT WARNING * * *
You feel very sick.
Sonja unwields a +0 blowgun.
Sonja wields a +0 dagger of distortion.
Its appearance distorts for a moment.
Sonja hits you with a +0 dagger of distortion.
* * * LOW HITPOINT WARNING * * *
Space bends around you.
* * * LOW HITPOINT WARNING * * *
Sonja hits you but does no damage.
You feel a strange sense of stasis. Sonja barely misses you.
There is an open door here.
You see here 2 curare-tipped needles.
A red film seems to cover your vision as you go berserk!
You feel yourself moving faster!
You feel mighty!
You are feeling very hungry.
* * * LOW HITPOINT WARNING * * *
You feel very sick. Sonja hits you but does no damage.
Space warps horribly around you!
You die...

#<.#..'..#..'..#
#..').#..').#..+
#..#####'#####'#
#..####..#...#.#
#..#__####..##[#
#..#_____##'#_.+
#⌠⌠#_.∩...†.(._#
####_..__##_(#+#
#_____###@#
####### #K# $.$
#$.$# ##.## #+#


You could see Sonja.

Vanquished Creatures
  Sigmund (D)
  A yak (D)
  An ogre (D)
  A jelly (D)
  Ijyb (D)
5 creatures vanquished.

Notes
Turn   | Place    | Note
-------+----------+-------------------------------------------
     0 | D        | xveg the Minotaur Berserker began the quest for the Orb.
     0 | D        | Reached XP level 1. HP: 19/19 MP: 0/0
     1 | D        | Noticed Ijyb
    13 | D        | HP: 1/28 [Ijyb/+0 club (1)]
    15 | D        | Killed Ijyb
    15 | D        | Reached skill level 5 in Fighting
    15 | D        | Reached skill level 5 in Unarmed Combat
    15 | D        | Reached XP level 2. HP: 2/29 MP: 1/1
   323 | D        | Noticed an ogre
   327 | D        | Killed an ogre
   327 | D        | Reached XP level 3. HP: 36/39 MP: 2/2
   327 | D        | Reached XP level 4. HP: 43/47 MP: 3/3
   341 | D        | Noticed Sigmund
   353 | D        | Killed Sigmund
   353 | D        | Reached ** piety under Trog
   353 | D        | Reached skill level 5 in Armour
   353 | D        | Reached skill level 5 in Dodging
   353 | D        | Reached XP level 5. HP: 30/57 MP: 4/4
   606 | D        | Found an ornate altar of the Wu Jian Council.
   606 | D        | Found a deep blue altar of Sif Muna.
   608 | D        | Found a radiant altar of Vehumet.
   612 | D        | Reached XP level 6. HP: 51/66 MP: 5/5
   645 | D        | Found Lobb's Armour Emporium.
   645 | D        | Found an ancient bone altar of Kikubaaqudgha.
   645 | D        | Found a hazy altar of Hepliaklqana.
   645 | D        | Found a stormy altar of Qazlal.
   645 | D        | Found a hide-covered altar of Uskayaw.
   645 | D        | Found a blossoming altar of Fedhas.
   645 | D        | Found a bloodstained altar of Trog.
   645 | D        | Found an iron altar of Okawaru.
   645 | D        | Found a basalt altar of Yredelemnul.
   645 | D        | Found a glowing golden altar of the Shining One.
   645 | D        | Found a snail-covered altar of Cheibriados.
   645 | D        | Found a sacrificial altar of Ru.
   645 | D        | Found a glowing silver altar of Zin.
   645 | D        | Found a shadowy altar of Dithmenos.
   645 | D        | Found a white marble altar of Elyvilon.
   645 | D        | Noticed a yak
   648 | D        | Killed a yak
   648 | D        | Reached skill level 10 in Fighting
   648 | D        | Reached skill level 10 in Unarmed Combat
   649 | D        | Found an opulent altar of Gozag.
   650 | D        | Found a sparkling altar of Nemelex Xobeh.
   669 | D        | Noticed Sonja
   674 | D        | Slain by Sonja

Skill      XL: |  1  2  3  4  5  6 |
---------------+-------------------+-----
Fighting       | 5 7 9 10 | 10.7
Armour         | 3 4 5 |  5.7
Unarmed Combat | 5 7 9 10 | 10.8
Dodging        | 3 5 6 |  6.0
Stealth        | |  0.5

Action                   |  1- 3 |  4- 6 || total
-------------------------+-------+-------++-------
Melee: Unarmed           |    15 |    16 ||    31
       Headbutt          |     3 |     3 ||     6
       Punch             |       |     1 ||     1
Invok: Berserk           |     1 |     1 ||     2
       Trog's Hand       |       |     1 ||     1
Armor: Leather armour    |       |     4 ||     4
Dodge: Dodged            |     3 |     7 ||    10
